 Dungeon Crawl Stone Soup version 0.30-a0-639-g3916f1956a (webtiles) character file.

Game seed: 13886879062363854595

130 Mitcholas the Shooter (level 4, 0/27 HPs)
             Began as a Deep Elf Hunter on Jan 16, 2023.
             Succumbed to an orc wizard's poison
             ... on level 4 of the Dungeon.
             The game lasted 00:04:43 (1834 turns).

Mitcholas the Shooter (Deep Elf Hunter)             Turns: 1834, Time: 00:04:44

Health: 0/27       AC:  3    Str:  8    XL:     4   Next: 89%
Magic:  6/6        EV: 13    Int: 14    God:
Gold:   176        SH:  0    Dex: 20    Spells: 3/3 levels left

rFire   . . .      SeeInvis .    a - +0 shortbow
rCold   . . .      Faith    .    (shield currently unavailable)
rNeg    . . .      Spirit   .    c - +0 leather armour
rPois   .          Reflect  .    (no helmet)
rElec   .          Harm     .    (no cloak)
rCorr   .          Rampage  .    (no gloves)
Will    .....                    (no boots)
Stlth   ++                       (no amulet)
HPRegen 0.24/turn                (no ring)
MPRegen 0.10/turn                (no ring)

@: lethally poisoned (0 -> -2)
A: no striking features
a: no special abilities


You were on level 4 of the Dungeon.
You visited 1 branch of the dungeon, and saw 4 of its levels.

You collected 176 gold pieces.

Inventory:

Hand Weapons
 a - a +0 shortbow (weapon)
Armour
 c - a +0 leather armour (worn)
Scrolls
 b - 2 scrolls of immolation
 g - a scroll of teleportation {unknown}
 h - 2 scrolls of torment {unknown}
 i - 2 scrolls of fog {unknown}
 k - a scroll of enchant weapon {unknown}
 m - 2 scrolls of identify {unknown}
Potions
 d - a potion of curing {unknown}
 e - 2 potions of attraction {unknown}
 f - a potion of heal wounds {unknown}
 j - a potion of ambrosia {unknown}
 l - a potion of cancellation {unknown}


   Skills:
 + Level 2.3 Fighting
 * Level 6.7 Ranged Weapons
 + Level 3.4 Dodging
 + Level 2.8 Stealth


You had 3 spell levels left.
You didn't know any spells.
Your spell library contained the following spells:

 Spells                   Type           Power      Damage    Failure   Level
 Magic Dart               Conj           0%         1d3       38%         1
 Lesser Beckoning         Tloc           0%         N/A       54%         2
 Searing Ray              Conj           0%         2d4       54%         2
 Gell's Gravitas          Tloc           0%         N/A       77%         3
 Teleport Other           Tloc           0%         N/A       77%         3
 Fulminant Prism          Conj/Hex       0%         3d5       99%         4


Dungeon Overview and Level Annotations

Branches:
Dungeon (4/15)
 Temple: D:4-7

Altars:
Qazlal

Shops:
D:1 (*?[*

Annotations:
D:3 Sigmund


Message History

You are poisoned.
An orc priest comes into view. It is wielding a +0 club.
You shoot an arrow.
The arrow hits the orc wizard but does no damage.
The orc wizard is almost dead.
You feel very sick. The orc wizard completely misses you.
You feel sick.
The orc wizard points at you and mumbles some strange words.
You resist with some effort.
You shoot an arrow. The arrow barely misses the orc wizard.
You feel sick.
You shoot an arrow.
The arrow closely misses the orc wizard.
You feel sick.
The orc wizard gestures at you while chanting.
The puff of flame hits you!
* * * LOW HITPOINT WARNING * * *
The orc wizard casts a spell at you. The puff of flame misses you.
You are too injured to fight recklessly!
Fire: a) +0 shortbow
Press: ? - help, Q - select action Shift-Dir - straight line, f/p - orc wizard
Aim: an orc wizard, wielding a +1 dagger of venom and wearing a +0 robe (almost dead, 60% to hit)
You shoot an arrow. The arrow hits the orc wizard!
You kill the orc wizard!
* * * LOW HITPOINT WARNING * * *
You feel sick.
Fire: a) +0 shortbow
Press: ? - help, Q - select action Shift-Dir - straight line, f - orc
Aim: an orc, wielding a +0 hand axe (66% to hit)
You shoot an arrow. The arrow hits the orc!
You kill the orc!
* * * LOW HITPOINT WARNING * * *
You feel sick.
Fire: a) +0 shortbow
Press: ? - help, Q - select action Shift-Dir - straight line, f - orc priest
Aim: an orc priest, wielding a +0 club (66% to hit)
You shoot an arrow. The arrow hits the orc priest.
The orc priest is lightly wounded.
You die...

...... ## ..... #.
.... ##. o..##..
..... )o. ####
#.##...## #..
##o#.....## #..
#@........# #...
#.........# #....
##.........#
#....####.........##
.................#
###............##
###..###....##
##..## ####..#
##...# ###


You could see an orc priest and an orc.

Vanquished Creatures
  An orc priest (D:4)
  An orc wizard (D:4)
  2 adders
  3 worms (D:2)
  3 dart slugs
  4 orcs (D:4)
  6 ball pythons
  2 endoplasms (D:1)
  A giant cockroach (D:2)
  4 hobgoblins
  2 kobolds
  2 quokkas
  2 bats
  2 goblins
  5 rats
40 creatures vanquished.

Notes
Turn   | Place    | Note
-------+----------+-------------------------------------------
     0 | D:1      | Mitcholas the Deep Elf Hunter began the quest for the Orb.
     0 | D:1      | Reached XP level 1. HP: 12/12 MP: 3/3
    85 | D:1      | Found Anur's Armour Boutique.
   104 | D:1      | Found Gaukhlel's General Store.
   133 | D:1      | Found Muxzo's Magic Scroll Boutique.
   249 | D:1      | Reached XP level 2. HP: 17/17 MP: 4/4
   550 | D:1      | Found Veapsu's Assorted Antiques.
   677 | D:1      | Found Veodeuq's Antique Weapon Emporium.
   896 | D:2      | Reached XP level 3. HP: 21/21 MP: 5/5
   971 | D:2      | Reached skill level 6 in Ranged Weapons
  1690 | D:3      | Noticed Sigmund
  1698 | D:3      | You fall into a shaft and drop 1 floor!
  1715 | D:4      | Reached XP level 4. HP: 26/26 MP: 6/6
  1760 | D:4      | Found a stormy altar of Qazlal.
  1834 | D:4      | Succumbed to an orc wizard's poison

Illustrated notes

Levels and vault maps discovered:
D:1:      co_arrival_random_square_maze, layout_basic, serial_shops, shop,
          nicolae_shop_overgrown_old_shop, shop, shop, nicolae_shop_waterfront
D:2:      layout_loops_ring
D:3:      layout_basic, corner_web_ring, uniq_sigmund
D:4:      layout_cave_pods, mainiacjoe_overflow_six_doors_small,
          enter_ossuary_2, uniq_natasha

Skill      XL: |  1  2  3 |
---------------+----------+-----
Stealth        | 2 |  2.8
Fighting       | 2 |  2.3
Ranged Weapons | 6 |  6.7
Dodging        | 3 |  3.4

Action                   |  1- 3 |  4- 6 || total
-------------------------+-------+-------++-------
 Fire: Shortbow          |    93 |    20 ||   113
Armor: Leather armour    |     1 |       ||     1
Dodge: Dodged            |    16 |     7 ||    23

Table legend: (Time is in decaauts)
 A = Elapsed time spent in this place.
 B = Non-inter-level travel time spent in this place.
 C = Inter-level travel time spent in this place.
 D = Time resting spent in this place.
 E = Time spent auto-exploring this place.
 F = Levels seen in this place.
 G = Mean time per level.
                   A        B        C        D        E       F      G
               +--------+--------+--------+--------+--------+-----+--------+
         Total |   1863 |   1742 |    121 |      0 |   1511 |   4 |  465.8 |
       Dungeon |   1863 |   1742 |    121 |      0 |   1511 |   4 |  465.8 |
               +--------+--------+--------+--------+--------+-----+--------+

Top non-repeatable levels by time:
     D:2: 794 daAuts
     D:1: 719 daAuts
     D:3: 209 daAuts
     D:4: 140 daAuts
